 Dungeon Crawl Stone Soup version 0.25-a0-341-g6f074c887a (webtiles) character file.

Game seed: 16543185750388712655, levelgen mode: classic

1369 Borgoz the Cudgeler (level 8, 0/51 HPs)
             Began as a Gargoyle Fighter on Dec 30, 2019.
             Was a Follower of Okawaru.
             Slain by a wight
             ... wielding a cursed +2 battleaxe of chopping
              (15 damage)
             ... on level 7 of the Dungeon.
             The game lasted 00:07:22 (5310 turns).

Borgoz the Cudgeler (Gargoyle Fighter)              Turns: 5310, Time: 00:07:23

Health: 0/51       AC: 11    Str: 28    XL:     8   Next: 65%
Magic:  8/8        EV: 12    Int:  9    God:    Okawaru [*.....]
Gold:   238        SH:  0    Dex:  9    Spells: 7/7 levels left

rFire    + . .     SeeInvis .   w - +9 quarterstaff of the Boiling Point {crush, *Corrode Str+6}
rCold    . . .     Gourm    .   (shield currently unavailable)
rNeg     + . .     Faith    .   e - +0 troll leather armour
rPois    ∞         Spirit   .   (no helmet)
rElec    +         Reflect  .   (no cloak)
rCorr    .         Harm     .   A - +0 pair of gloves
MR       +....                  (no boots)
Stlth    +.........             (no amulet)
HPRegen  0.57/turn              N - ring of protection from fire
MPRegen  0.11/turn              H - ring of protection from magic (curse)

@: no status effects
A: negative energy resistance 1, electricity resistance, unbreathing,
petrification resistance, rot immunity, AC +5
a: Heroism, Renounce Religion


You were on level 7 of the Dungeon.
You worshipped Okawaru.
Okawaru was aware of your devotion.
You were not hungry.

You visited 2 branches of the dungeon, and saw 8 of its levels.
You also visited: Sewer.

You collected 238 gold pieces.

Inventory:

Hand Weapons
 a - a +0 flail
 w - the +9 quarterstaff of the Boiling Point (weapon) {crush, *Corrode Str+6}
   (You found it on level 4 of the Dungeon)

   It inflicts extra damage upon your enemies.
   It affects your strength (+6).
   It may corrode you when you take damage.
 x - a +0 mace of crushing
Missiles
 O - a throwing net (quivered)
Armour
 c - a +0 shield
 e - a +0 troll leather armour (worn)
 A - a +0 pair of gloves (worn)
 D - the +0 ring mail "Vyblituho" {Int+3}
   (You found it on level 4 of the Dungeon)

   It affects your intelligence (+3).
Jewellery
 q - an uncursed ring of protection from cold
 y - an uncursed ring of protection from magic
 H - a cursed ring of protection from magic (right hand)
 N - a ring of protection from fire (left hand)
Wands
 r - a wand of digging (5)
 z - a wand of enslavement (3)
 B - a wand of random effects (39)
 E - a wand of flame (18)
 J - a wand of iceblast (6)
 L - a wand of clouds (4)
Scrolls
 j - 4 scrolls of teleportation
 k - a scroll of noise {unknown}
 l - 4 scrolls of blinking
 o - a scroll of remove curse
 s - a scroll of random uselessness {unknown}
 u - 2 scrolls of fear
 G - 3 scrolls of identify
 P - 2 scrolls of magic mapping {unknown}
Potions
 b - 3 potions of haste {unknown}
 d - 4 potions of might
 g - a potion of resistance {unknown}
 h - 3 potions of heal wounds
 i - 9 potions of curing
 m - 2 potions of cancellation
 n - a potion of degeneration {unknown}
 p - 2 potions of ambrosia {unknown}
 t - 2 potions of brilliance {unknown}
 v - a potion of invisibility {unknown}
 C - a potion of agility {unknown}
 F - a potion of berserk rage {unknown}
 I - a potion of flight {unknown}
 K - a potion of experience {unknown}
Comestibles
 f - 12 rations
 M - a chunk of flesh


   Skills:
 + Level 6.1 Fighting
 * Level 6.4 Maces & Flails
 + Level 6.1 Armour
 + Level 2.9 Dodging
 - Level 4.5 Shields


You had 7 spell levels left.
You didn't know any spells.
Your spell library contained the following spells:

 Spells                   Type           Power        Failure   Level  Hunger
 Animate Skeleton         Necr           N/A          41%         1    ##.....
 Apportation              Tloc           #.....       41%         1    ##.....
 Confusing Touch          Hex            #.....       41%         1    ##.....
 Sandblast                Erth           #.....       41%         1    ##.....
 Summon Small Mammal      Summ           #...         41%         1    ##.....
 Petrify                  Tmut/Erth      #.......     99%         4    #####..
 Lee's Rapid Deconstruct  Erth           #.........   100%        5    ######.


Dungeon Overview and Level Annotations

Branches:
Dungeon (7/15)             Temple (1/1) D:4           Sewer (visited)

Altars:
Ashenzari
Cheibriados
Dithmenos
Elyvilon
Fedhas
Gozag
Hepliaklqana
Kikubaaqudgha
Makhleb
Nemelex Xobeh
Okawaru
Qazlal
Ru
Sif Muna
Trog
Uskayaw
Wu Jian
Xom
Yredelemnul
Zin
The Shining One


Innate Abilities, Weirdness & Mutations

You are resistant to torment.
Your stone body is resilient. (AC +5)
You are immune to poison.
You resist negative energy. (rN+)
You are resistant to electric shocks. (rElec)
You can survive without breathing.
You are immune to petrification.
You are immune to rotting.


Message History

You are too injured to fight recklessly!
You are too injured to fight recklessly!
You are too injured to fight recklessly!
You are too injured to fight recklessly!
You are too injured to fight recklessly!
You hit the wight.
The wight is lightly damaged.
The wight hits you with a cursed +2 battleaxe of chopping.
The wight hits you but does no damage. The wight misses you.
The wight barely misses you.
The wight hits you with a +1 falchion of protection.
The wight hits you with a +3 halberd!
* * * LOW HITPOINT WARNING * * *
Found a ration.
Things that are here:
a cursed +0 flail; a +0 robe You hit the wight.
The wight is moderately damaged.
The wight hits you with a cursed +2 battleaxe of chopping!
You die...

...####.##
#..# ##.#
#.#####
#.....#
#.#####
###.#
...###z..#
......z@.#
........z.#
..#...##..#
. #...
#...# .....
....# .....
..... .....
###.. ...%
#..


You could see 3 wights.

Vanquished Creatures
  Duvessa (D:5)
  A phantom (D:5)
  A centaur (D:6)
  A bullfrog (D:5)
  Dowan (D:5)
  4 killer bees
  2 wights (D:7)
  A howler monkey (D:4)
  A crimson imp (D:4)
  2 jellies (D:6)
  A bullfrog skeleton (D:4)
  4 hounds
  2 orc wizards (D:4)
  A centaur skeleton (D:6)
  An iguana (D:6)
  5 worker ants
  A hound skeleton (D:5)
  5 adders
  4 river rats (Sewer)
  An ooze (D:3)
  2 worms
  4 dart slugs
  5 leopard geckos
  9 orcs
  8 giant cockroaches
  7 goblins
  7 hobgoblins
  7 kobolds
  3 quokkas
  5 ball pythons
  7 bats
  12 frilled lizards
  A quokka zombie (D:7)
  10 rats
127 creatures vanquished.

Notes
Turn   | Place    | Note
-------+----------+-------------------------------------------
     0 | D:1      | Borgoz the Gargoyle Fighter began the quest for the Orb.
     0 | D:1      | Reached XP level 1. HP: 14/14 MP: 1/1
   330 | D:1      | Reached XP level 2. HP: 17/19 MP: 2/2
   797 | D:2      | Reached XP level 3. HP: 23/23 MP: 3/3
  1080 | D:2      | Reached XP level 4. HP: 23/29 MP: 4/4
  1457 | D:3      | Reached XP level 5. HP: 32/33 MP: 5/5
  1755 | D:3      | Found an ornate altar of the Wu Jian Council.
  1756 | D:3      | Found a burning altar of Makhleb.
  1756 | D:3      | Found a hazy altar of Hepliaklqana.
  1757 | D:3      | Found a sacrificial altar of Ru.
  2200 | D:4      | Found a glowing drain.
  2251 | D:4      | Got an ichor-stained quarterstaff
  2293 | D:4      | Identified the +9 quarterstaff of the Boiling Point {crush,
                  | *Corrode Str+6} (You found it on level 4 of the Dungeon)
  2300 | Sewer    | Entered a sewer
  2354 | Sewer    | Reached XP level 6. HP: 39/39 MP: 6/6
  2770 | D:4      | Found a staircase to the Ecumenical Temple.
  2844 | D:4      | Reached skill level 1 in Dodging
  2856 | Temple   | Entered the Ecumenical Temple
  2923 | Temple   | Became a worshipper of Warmaster Okawaru
  2963 | D:4      | Reached XP level 7. HP: 43/44 MP: 7/7
  3050 | D:4      | Got an amber-encrusted ring mail
  3061 | D:4      | Identified the cursed +0 ring mail "Vyblituho" {Int+3} (You
                  | found it on level 4 of the Dungeon)
  3492 | D:5      | Entered Level 5 of the Dungeon
  3499 | D:5      | Reached skill level 5 in Armour
  3501 | D:5      | Reached skill level 5 in Fighting
  3608 | D:5      | Noticed Duvessa
  3608 | D:5      | Noticed Dowan
  3621 | D:5      | Killed Duvessa
  3636 | D:5      | Killed Dowan
  3805 | D:5      | Found a snail-covered altar of Cheibriados.
  3985 | D:5      | Reached skill level 5 in Maces & Flails
  4306 | D:6      | Reached * piety under Okawaru
  4306 | D:6      | Reached XP level 8. HP: 50/50 MP: 8/8
  4364 | D:6      | Found a stormy altar of Qazlal.
  4469 | D:6      | Identified Sif Muna's Catalogue of Earthen Summoning
  4616 | D:6      | Found a sparkling altar of Nemelex Xobeh.
  4663 | D:6      | Found a shattered altar of Ashenzari.
  5310 | D:7      | Slain by a wight

Levels and vault maps discovered:
D:1:      lemuel_arrival_muddy, layout_basic
D:2:      layout_basic
D:3:      layout_basic, chequers_temple_overflow_statue_of_worship, minivault_25
D:4:      layout_cave_pods, temple_pool_b, portal_sewer_entry_f, first_ration,
          minmay_misc_feat_ornament
D:5:      layout_loops_cross, cheibriados_altar_1, uniq_duvessa
D:6:      layout_loops_corners, kennysheep_mini_moat, marbit_many_paths,
          nicolae_qazlal_general_emergency
D:7:      layout_layer_cave
Temple:   cyrus_circular_temple

Skill      XL: |  1  2  3  4  5  6  7  8 |
---------------+-------------------------+-----
Fighting       | 4 5 6 |  6.1
Armour         | 4 5 6 |  6.1
Shields        | 4 |  4.5
Maces & Flails | 3 4 5 6 |  6.4
Dodging        | 1 2 |  2.9

Action                   |  1- 3 |  4- 6 |  7- 9 || total
-------------------------+-------+-------+-------++-------
Melee: Flail             |   132 |   155 |       ||   287
       Quarterstaff      |       |    65 |   103 ||   168
  Use: Scroll            |       |       |     7 ||     7
       Potion            |       |       |     1 ||     1
  Eat: Chunk             |     1 |     6 |     8 ||    15
Armor: Troll leather arm |    60 |   105 |    51 ||   216
Dodge: Dodged            |    51 |    91 |   110 ||   252
Block: Shield            |    94 |    66 |       ||   160

Table legend:
 A = Non-vault XP
 B = Vault XP
 C = Vault XP percentage of total XP
 D = Non-vault monster count
 E = Vault monster count
 F = Vault count percentage of total count
                 A         B        C        D         E       F
            +---------+---------+-------+---------+---------+-------
      Total |    1648 |     309 |  15.8 |     100 |      27 |  21.3
            +---------+---------+-------+---------+---------+-------
        D:1 |      32 |       0 |   0.0 |      16 |       0 |   0.0
        D:2 |     117 |       0 |   0.0 |      29 |       0 |   0.0
        D:3 |      27 |       0 |   0.0 |      10 |       0 |   0.0
        D:4 |     364 |      12 |   3.2 |      19 |       5 |  20.8
        D:5 |     304 |     227 |  42.7 |       6 |       2 |  25.0
        D:6 |     528 |       0 |   0.0 |      11 |       0 |   0.0
        D:7 |     276 |       0 |   0.0 |       9 |       0 |   0.0
      Sewer |       0 |      70 | 100.0 |       0 |      20 | 100.0
            +---------+---------+-------+---------+---------+-------
